 Dungeon Crawl Stone Soup version 0.19-a0-981-gaae9137 (webtiles) character file.

30958 matakusis the Nimble (level 13, -32/104 HPs)
             Began as a Demonspawn Gladiator on July 14, 2016.
             Was a High Priest of Hepliaklqana.
             Killed from afar by a hell hog (36 damage)
             ... with a fireball
             ... on level 3 of the Abyss.
             The game lasted 01:03:09 (12440 turns).

matakusis the Nimble (Demonspawn Gladiator)        Turns: 12440, Time: 01:03:10

Health: -32/104    AC: 13    Str: 20      XL:     13   Next: 23%
Magic:  0/25       EV: 23    Int:  5 (7)  God:    Hepliaklqana [*****.]
Gold:   836        SH: 10    Dex: 17      Spells: 1 memorised, 24 levels left

rFire  . . .     SeeInvis +     a - +3 long sword (drain)
rCold  + . .     Gourm    .     j - +3 ring mail of Olietis {+Inv Str+4 Stlth+}
rNeg   . . .     Faith    .     D - +0 buckler
rPois  .         Spirit   +     (helmet unavailable)
rElec  .         Dismiss  .     t - +1 cloak
rCorr  .         Reflect  +     (no gloves)
SustAt .         Harm     .     P - +0 pair of boots
MR     .....                    N - +4 amulet of reflection
Stlth  ++........               E - ring of see invisible
                                h - +5 ring of evasion

@: not resistant to hostile enchantments, unstealthy
A: claws 1, horns 3, icy blue scales 1, cold resistance 1, deterioration 2,
dopey 2, screaming 2, magic shield, magic regeneration, freezing cloud immunity,
MP-powered wands
a: Recall Ancestor, Ancestor Identity, Transference, Idealise, Renounce
Religion, Evoke Invisibility


You were on level 3 of the Abyss.
You worshipped Hepliaklqana.
Hepliaklqana was extremely pleased with you.
You were hungry.

You visited 2 branches of the dungeon, and saw 15 of its levels.
You visited the Abyss 1 time.
You also visited: Sewer and Ossuary.

You collected 1276 gold pieces.
You spent 440 gold pieces at shops.

Inventory:

Hand Weapons
 a - a +3 long sword of draining (weapon)
 H - the +9 war axe of the Disturbing Hells {chop, rF- rC+ rN++}
   (You found it on level 8 of the Dungeon)

   It inflicts extra damage upon your enemies.
   It makes you vulnerable to fire.
   It protects you from cold.
   It greatly protects you from negative energy.
Missiles
 d - 8 throwing nets (quivered)
Armour
 j - the +3 ring mail of Olietis (worn) {+Inv Str+4 Stlth+}
   (You found it in a sewer)

   It affects your strength (+4).
   It lets you turn invisible.
   It makes you more stealthy.
 t - a +1 cloak (worn)
 C - a steam dragon hide
 D - a +0 buckler (worn)
 P - a +0 pair of boots (worn)
Jewellery
 h - a +5 ring of evasion (left claw)
 s - an uncursed ring of stealth
 E - a ring of see invisible (right claw)
 N - a +4 amulet of reflection (around neck)
Wands
 c - a wand of teleportation (5/9)
 y - a wand of flame (19/48)
Scrolls
 e - 7 scrolls of remove curse
 r - a scroll of recharging
 w - a scroll of teleportation
 A - 2 scrolls of fear
 F - 3 scrolls of identify
 G - 3 scrolls of fog
 I - a scroll of brand weapon
 K - a scroll of amnesia
 M - a scroll of immolation
Potions
 b - 2 potions of ambrosia
 i - 2 potions of cancellation
 k - 2 potions of heal wounds
 n - 11 potions of curing
 o - 5 potions of flight
 p - 5 potions of might
 q - 3 potions of agility
 v - a potion of brilliance
 x - 2 potions of lignification
 z - 2 potions of resistance
 B - 2 potions of berserk rage
Books
 m - a book of Spatial Translocations

   Spells                             Type                      Level
   a - Apportation                    Translocation                1
   b - Blink                          Translocation                2
   c - Shroud of Golubria             Charms/Translocation         2
   d - Portal Projectile              Translocation                3
   e - Teleport Other                 Translocation                3
   f - Passage of Golubria            Translocation                4
 L - a Young Poisoner's Handbook

   Spells                             Type                      Level
   a - Sting                          Conjuration/Poison           1
   b - Mephitic Cloud                 Conjuration/Poison/Air       3
   c - Olgreb's Toxic Radiance        Poison                       4
   d - Alistair's Intoxication        Transmutation/Poison         5
   e - Venom Bolt                     Conjuration/Poison           5
Miscellaneous
 J - a lamp of fire
Comestibles
 f - 9 bread rations
 g - a slice of pizza
 l - 2 beef jerkies
 u - 7 meat rations
 O - 7 fruits


   Skills:
 * Level 10.4 Fighting
 + Level 9.5 Long Blades
 - Level 1.7 Throwing
 + Level 5.2 Armour
 + Level 10.9 Dodging
 + Level 5.5 Shields
 * Level 8.0 Spellcasting
 * Level 6.4 Poison Magic
 - Level 0.2 Evocations


You had 24 spell levels left.
You knew the following spells:

 Your Spells              Type           Power        Failure   Level  Hunger
a - Olgreb's Toxic Radia  Pois           #.......     34%         4    #####..


Dungeon Overview and Level Annotations

Branches:
Dungeon (14/15)            Temple (1/1) D:6            Lair (0/6) D:9
    Orc (0/2) D:11         Vaults (0/5) D:13

Altars:
Ashenzari
Cheibriados
Dithmenos
Elyvilon
Fedhas
Gozag
Hepliaklqana
Kikubaaqudgha
Makhleb
Nemelex Xobeh
Okawaru
Pakellas
Qazlal
Ru
Sif Muna
Trog
Uskayaw
Vehumet
Xom
Yredelemnul
Zin
The Shining One

Shops:
D:4 [   D:7 :   D:8 (   D:10 :   D:13 [

Portals:
Trove: D:11 (give +4 demon blade)


Innate Abilities, Weirdness & Mutations

You have a pair of large horns on your head.
You are partially covered in icy blue scales. (AC +1)
Your flesh is cold resistant. (rC+)
When hurt, damage is shared between your health and your magic reserves.
You regenerate magic rapidly.
You are immune to freezing clouds.
You have sharp fingernails.
[Your body often deteriorates upon taking damage.]
[You are very dopey. (Int -4)]
[You sometimes yell uncontrollably at your foes.]
[You expend magic power (3 MP) to strengthen your wands.]


Message History

The hell hog completely misses you.
A flayed ghost comes into view.
A white imp comes into view.
The hell hog breathes fire at you.
The fireball explodes!
The fireball engulfs you!
Your body deteriorates!
You feel dopey.
The white imp moves out of view.
You hear a shout!
You hear a roar!
A balrug comes into view. It is wielding a demon whip of pain.
The flayed ghost cries, "Suffer as I suffered!"
The balrug gestures at you. Something smites you!
* * * LOW HITPOINT WARNING * * *
You block the hell hog's attack. The balrug gestures at you.
The bolt of fire hits you!
* * * LOW HITPOINT WARNING * * *
The hell hog breathes fire at you.
The fireball explodes!
The fireball engulfs you!
You die...

#..#........# ..
#.##.#.#.# .# ..
# #.#.....##.
#..##....#.#..##
#..#..#####.#.
###.##..# ###
#h#.##.# #
##.#Wh.###..#
##.#.#@..# #
#W#..#.#.#
..#......
#...........
#...2........#
#.........#..#
#............#
#............#


You could see a balrug, a flayed ghost and a hell hog.

Vanquished Creatures
  A war gargoyle (D:12)
  Nessos (D:12)
  Erolcha (D:12)
  2 catoblepae
  2 centaur warriors
  2 unseen horrors (D:14)
  Pikel (D:8)
  2 hill giants (D:11)
  6 ugly things
  A deep elf mage (D:12)
  A hornet (shapeshifter) (D:13)
  A cyclops (D:14)
  8 gargoyles
  A merfolk (D:9)
  5 trolls
  2 meliai zombies (D:14)
  A shadow (D:12)
  2 wyverns
  2 wraiths
  13 yaks
  A fire bat (shapeshifter) (D:13)
  A hungry ghost (D:7)
  4 vampire mosquitoes (D:12)
  A hippogriff (D:11)
  A mottled dragon (D:12)
  A water moccasin (shapeshifter) (D:13)
  The ghost of Amnesiac the Gusty, an amateur TeAE (D:4)
  4 black bears
  8 orc warriors
  2 wasps
  A sky beast (D:12)
  A phantom (D:6)
  An eye of draining (D:12)
  A necrophage (D:4)
  The ghost of Liquid the Insei, an amateur DsCK of Xom (Sewer)
  8 ogres
  3 centaurs
  A crocodile (D:12)
  4 big kobolds
  4 giant frogs
  3 gnoll sergeants
  A wyvern zombie (D:11)
  A water moccasin zombie (D:7)
  A wyvern skeleton (D:14)
  3 scorpions
  8 killer bees
  4 howler monkeys
  6 crimson imps
  3 centaur zombies
  A giant frog zombie (D:11)
  2 jellies
  6 hounds
  12 orc priests
  2 centaur skeletons
  6 giant frog skeletons
  14 orc wizards
  13 worker ants
  2 iguanas
  A big kobold zombie (Ossuary)
  A hound skeleton (D:10)
  3 mummies
  14 gnolls
  7 river rats (Sewer)
  18 adders
  2 shadow imps
  An adder skeleton (D:4)
  2 worms
  A dart slug (D:3)
  5 giant geckos
  42 orcs
  10 giant cockroaches
  7 goblins
  6 hobgoblins
  5 jackals
  4 quokkas
  8 ball pythons
  4 bats
  2 giant newts
  3 gnoll zombies (Ossuary)
  3 goblin zombies (Ossuary)
  2 hobgoblin zombies (Ossuary)
  26 kobolds
  2 orc zombies (Ossuary)
  23 rats
  A plant (D:13)
395 creatures vanquished.

Vanquished Creatures (collateral kills)
  Snorg (D:13)
  A hydra (D:11)
  An unseen horror (D:10)
  A hill giant (D:14)
  An ugly thing (D:12)
  Psyche (D:8)
  Maurice (D:8)
  A gargoyle (D:12)
  A vampire (D:11)
  A hippogriff (D:9)
  A sky beast (D:14)
  An eye of draining (D:10)
  An ogre (D:10)
  An orc warrior (D:9)
  A crocodile (D:10)
  An elf zombie (Ossuary)
  2 crimson imps
  A quasit (D:9)
  A hound (D:12)
  An orc wizard (D:6)
  A worker ant (D:7)
  4 orcs
  2 hobgoblin zombies (Ossuary)
28 creatures vanquished.

Vanquished Creatures (others)
  A wolf spider (D:11)
  A small abomination (Abyss:3)
  2 hexers
  2 ancestors
  4 plants (D:9)
10 creatures vanquished.

Grand Total: 433 creatures vanquished

Notes
Turn   | Place    | Note
-------+----------+-------------------------------------------
     0 | D:1      | matakusis the Demonspawn Gladiator began the quest for the Orb.
     0 | D:1      | Reached XP level 1. HP: 16/16 MP: 1/1
   230 | D:1      | Gained mutation: When hurt, damage is shared between your health and your magic reserves. [demonic ancestry]
   230 | D:1      | Reached XP level 2. HP: 23/23 MP: 2/2
   971 | D:2      | Reached XP level 3. HP: 27/28 MP: 3/3
  1246 | D:2      | Gained mutation: You regenerate magic rapidly. [demonic ancestry]
  1246 | D:2      | Reached XP level 4. HP: 34/34 MP: 4/4
  1379 | D:2      | Gained mutation: Your natural rate of healing is unusually fast. [potion of mutation]
  1379 | D:2      | Gained mutation: You have large cloven feet. [potion of mutation]
  1399 | D:3      | Reached skill level 1 in Spellcasting
  1444 | D:3      | Reached XP level 5. HP: 28/41 MP: 4/6
  1640 | D:3      | Found a glowing drain.
  1656 | Sewer    | Entered a sewer
  1657 | Sewer    | Gained mutation: You heal very quickly. [potion of mutation]
  1657 | Sewer    | Gained mutation: Potions and wands are less effective at restoring your health. [potion of mutation]
  1657 | Sewer    | Gained mutation: Your muscles are strong. (Str +2) [potion of mutation]
  1776 | Sewer    | Noticed Liquid's ghost (amateur DsCK)
  1790 | Sewer    | Killed Liquid's ghost
  1790 | Sewer    | Gained mutation: Your flesh is cold resistant. (rC+) [demonic ancestry]
  1790 | Sewer    | Reached XP level 6. HP: 32/47 MP: 4/8
  1990 | Sewer    | Reached skill level 5 in Dodging
  2010 | Sewer    | Got a steaming ring mail
  2022 | Sewer    | Identified the +3 ring mail of Olietis {+Inv Str+4 Stlth+} (You found it in a sewer)
  2155 | D:3      | Found a white marble altar of Elyvilon.
  2440 | D:3      | Found a deep blue altar of Sif Muna.
  2537 | D:3      | Found a stormy altar of Qazlal.
  2869 | D:4      | Found an oddly glowing altar of Pakellas.
  2869 | D:4      | Found Yfujeisewk's Armour Boutique.
  2906 | D:4      | Reached XP level 7. HP: 43/54 MP: 7/9
  2966 | D:4      | Noticed Amnesiac's ghost (amateur TeAE)
  2983 | D:4      | Killed Amnesiac's ghost
  3007 | D:4      | Reached skill level 1 in Armour
  3698 | D:5      | Entered Level 5 of the Dungeon
  3709 | D:5      | Gained mutation: You have a pair of small horns on your head. [demonic ancestry]
  3709 | D:5      | Reached XP level 8. HP: 60/61 MP: 12/12
  4011 | D:5      | Reached skill level 5 in Fighting
  4118 | D:5      | Found a snail-covered altar of Cheibriados.
  4118 | D:5      | Found a basalt altar of Yredelemnul.
  4118 | D:5      | Found a blossoming altar of Fedhas.
  4254 | D:5      | Gained mutation: [You expend magic power (3 MP) to strengthen your wands.] [potion of mutation]
  4330 | D:5      | Found a sacrificial altar of Ru.
  4666 | D:6      | Reached skill level 5 in Long Blades
  4805 | D:6      | Found a staircase to the Ecumenical Temple.
  4812 | Temple   | Entered the Ecumenical Temple
  4835 | Temple   | Became a worshipper of Hepliaklqana
  5364 | D:7      | Found Alew's Book Boutique.
  5380 | D:7      | Reached XP level 9. HP: 69/69 MP: 14/14
  5412 | D:7      | Found a radiant altar of Vehumet.
  5455 | D:7      | Found a sand-covered staircase.
  5466 | Ossuary  | Entered an ossuary
  5518 | Ossuary  | Reached * piety under Hepliaklqana
  6352 | D:8      | Noticed Maurice
  6361 | D:8      | Killed Maurice
  6368 | D:8      | Got a transparent war axe
  6369 | D:8      | Identified the +9 war axe of the Disturbing Hells {chop, rF- rC+ rN++} (You found it on level 8 of the Dungeon)
  6463 | D:8      | Found a bloodstained altar of Trog.
  6518 | D:8      | Noticed Psyche
  6527 | D:8      | Killed Psyche
  6606 | D:8      | Reached ** piety under Hepliaklqana
  6612 | D:8      | Remembered your ancestor Wystan as a hexer
  6617 | D:8      | Found Atioruirey's Weapon Shoppe.
  6645 | D:8      | Found an ancient bone altar of Kikubaaqudgha.
  6691 | D:8      | Found a sparkling altar of Nemelex Xobeh.
  6955 | D:8      | Noticed Pikel
  6965 | D:8      | Killed Pikel
  6965 | D:8      | Reached skill level 1 in Shields
  6965 | D:8      | Gained mutation: You are partially covered in icy blue scales. (AC +1) [demonic ancestry]
  6965 | D:8      | Reached XP level 10. HP: 68/79 MP: 15/17
  7302 | D:9      | Reached skill level 5 in Spellcasting
  7394 | D:9      | Found a glowing golden altar of the Shining One.
  7427 | D:9      | Found a staircase to the Lair.
  7956 | D:10     | Entered Level 10 of the Dungeon
  7956 | D:10     | Reached *** piety under Hepliaklqana
  7961 | D:10     | Found Foriod's Book Emporium.
  8003 | D:10     | Bought a Young Poisoner's Handbook for 440 gold pieces
  8008 | D:10     | Learned a level 4 spell: Olgreb's Toxic Radiance
  8015 | D:10     | Noticed an unseen horror
  8020 | D:10     | Killed an unseen horror
  8056 | D:10     | Reached skill level 1 in Poison Magic
  8598 | D:11     | Gained mutation: You have a pair of horns on your head. [demonic ancestry]
  8598 | D:11     | Reached XP level 11. HP: 86/86 MP: 19/19
  8657 | D:11     | Noticed a hill giant
  8675 | D:11     | Found a portal to a secret trove of treasure.
  8790 | D:11     | Killed a hill giant
  8923 | D:11     | Found a staircase to the Orcish Mines.
  9253 | D:11     | Reached skill level 10 in Dodging
  9375 | D:11     | Noticed a seven-headed hydra
  9387 | D:11     | Killed a 12-headed hydra
  9522 | D:11     | Found an oddly glowing altar of Pakellas.
  9522 | D:11     | Noticed a wolf spider
  9531 | D:11     | Killed a wolf spider
  9531 | D:11     | Noticed a shining eye
  9580 | D:11     | Noticed a hill giant
  9587 | D:11     | Killed a hill giant
  9865 | D:12     | Noticed Erolcha
  9872 | D:12     | Killed Erolcha
  9897 | D:12     | Noticed Nessos
  9906 | D:12     | Killed Nessos
 10052 | D:12     | Noticed a cyan ugly thing
 10057 | D:12     | Killed a cyan ugly thing
 10057 | D:12     | Gained mutation: You are immune to freezing clouds. [demonic ancestry]
 10057 | D:12     | Reached XP level 12. HP: 95/95 MP: 21/21
 10259 | D:12     | Noticed a war gargoyle
 10513 | D:12     | Gained mutation: Your magical capacity is low. (-10% MP) [mutagenic meat]
 10516 | D:12     | Lost mutation: You have large cloven feet. [mutagenic meat]
 10568 | D:12     | Gained mutation: Your magical capacity is very low. (-20% MP) [mutagenic meat]
 10571 | D:12     | Gained mutation: Your flesh is very cold resistant. (rC++) [mutagenic meat]
 10574 | D:12     | Gained mutation: You are mostly covered in icy blue scales. (AC +3, EV -1) [mutagenic meat]
 10940 | D:12     | Killed a war gargoyle
 10988 | D:13     | Found a shadowy altar of Dithmenos.
 11060 | D:13     | Reached skill level 5 in Poison Magic
 11071 | D:13     | Reached **** piety under Hepliaklqana
 11250 | D:13     | Found a gate to the Vaults.
 11258 | D:13     | Reached skill level 5 in Armour
 11268 | D:13     | Reached skill level 5 in Shields
 11295 | D:13     | Lost mutation: [You expend magic power (3 MP) to strengthen your wands.] [mutagenic meat]
 11298 | D:13     | Gained mutation: Your magical capacity is extremely low. (-30% MP) [mutagenic meat]
 11301 | D:13     | Gained mutation: Your flesh is almost immune to the effects of cold. (rC+++) [mutagenic meat]
 11358 | D:13     | Noticed a centaur warrior
 11365 | D:13     | Killed a centaur warrior
 11365 | D:13     | Reached skill level 10 in Fighting
 11485 | D:13     | Found Cynkih's Antique Armour Shop.
 11488 | D:13     | Noticed a catoblepas
 11499 | D:13     | Killed a catoblepas
 11542 | D:13     | Noticed Snorg
 11556 | D:13     | Killed Snorg
 11845 | D:14     | Noticed a centaur warrior
 11852 | D:14     | Killed a centaur warrior
 11852 | D:14     | Gained mutation: You have a pair of large horns on your head. [demonic ancestry]
 11852 | D:14     | Reached XP level 13. HP: 103/103 MP: 17/17
 12118 | D:14     | Lost mutation: You heal very quickly. [mutagenic meat]
 12121 | D:14     | Gained mutation: You possess an exceptional clarity of mind. [mutagenic meat]
 12124 | D:14     | Lost mutation: Your muscles are strong. (Str +2) [mutagenic meat]
 12127 | D:14     | Gained mutation: You have sharp fingernails. [mutagenic meat]
 12130 | D:14     | Gained mutation: You passively map a small area around you. [mutagenic meat]
 12133 | D:14     | Lost mutation: You are mostly covered in icy blue scales. (AC +3, EV -1) [mutagenic meat]
 12136 | D:14     | Lost mutation: You possess an exceptional clarity of mind. [mutagenic meat]
 12137 | D:14     | Lost mutation: You passively map a small area around you. [potion of cure mutation]
 12137 | D:14     | Lost mutation: Your flesh is almost immune to the effects of cold. (rC+++) [potion of cure mutation]
 12137 | D:14     | Lost mutation: Your natural rate of healing is unusually fast. [potion of cure mutation]
 12137 | D:14     | Lost mutation: Your flesh is very cold resistant. (rC++) [potion of cure mutation]
 12137 | D:14     | Lost mutation: Your magical capacity is extremely low. (-30% MP) [potion of cure mutation]
 12138 | D:14     | Lost mutation: Potions and wands are less effective at restoring your health. [potion of cure mutation]
 12138 | D:14     | Lost mutation: Your magical capacity is very low. (-20% MP) [potion of cure mutation]
 12138 | D:14     | Lost mutation: Your magical capacity is low. (-10% MP) [potion of cure mutation]
 12274 | D:14     | Cast into level 3 of the Abyss (a wizard)
 12377 | Abyss:3  | Reached ***** piety under Hepliaklqana
 12438 | Abyss:3  | Noticed a balrug
 12440 | Abyss:3  | HP: 4/104 [balrug/bolt of fire (20)]
 12440 | Abyss:3  | Killed from afar by a hell hog

Vault maps used:
D:1:      dpeg_arrival_tiny_e, serial_co_window_serial, co_window_corner_a,
          co_window_paths_a, co_window_paths_a, co_window_corner_a,
          co_window_paths_a, co_window_corner_b, co_window_cross_3,
          co_window_paths_c, co_window_corner_b, co_window_corner_cb,
          co_window_broadway_c, glass_columns_a, glass_columns_b,
          glass_columns_b, glass_columns_b
D:2:      first_bread
D:3:      lemuel_coloured_pillars_altar, elyvilon_altar_3, tgw_sif,
          portal_sewer_entry_f
D:4:      overflow_temple_1_default, serial_shops, nicolae_shop_trees
D:5:      gammafunk_temple_overflow_claw, nicolae_ru_sacrificial_ziggurat
D:7:      lemuel_ice_spiral_2, nicolae_overflow_crystal_walls,
          gup_ossuary_entry_pyramid, serial_shops, shop
D:8:      old_standard_altar, lemuel_doored_altar,
          nicolae_overflow_hidden_temple, serial_shops, nicolae_shop_crystal,
          uniq_maurice, uniq_psyche, uniq_pikel
D:9:      lemuel_round_altar, david_lair_shrubbed, hangedman_fish_farm
D:10:     serial_shops, shop
D:11:     kennysheep_orc_monster_closet_entryway, enter_trove_3,
          gammafunk_pakellas_its_alive
D:12:     gargoyle_guard, hangedman_abyss_or_decor_clamps,
          kennysheep_generic_room_9, uniq_erolcha, uniq_nessos
D:13:     david_vaults_2, serial_shops, nicolae_shop_overgrown_old_shop,
          basic_altar, uniq_snorg
Temple:   eino_wide_crystal_templ
Sewer:    sewer_minmay_treatment
Ossuary:  minmay_ossuary_gauntlet

Skill      XL: |  1  2  3  4  5  6  7  8  9 10 11 12 13 |
---------------+----------------------------------------+-----
Dodging        | 3 4 5 6 7 9 10 | 10.9
Long Blades    | 3 4 5 6 7 8 9 |  9.5
Fighting       | 3 4 5 7 9 10 | 10.4
Spellcasting   | 1 2 3 4 5 6 7 8 |  8.0
Armour         | 1 2 3 4 5 |  5.2
Shields        | 1 2 4 5 |  5.5
Poison Magic   | 1 4 5 6 |  6.4
Throwing       | |  1.7
Evocations     | |  0.2

Action                   |  1- 3 |  4- 6 |  7- 9 | 10-12 | 13-15 || total
-------------------------+-------+-------+-------+-------+-------++-------
Melee: Long sword        |    99 |   279 |   478 |   822 |    82 ||  1760
       Kick              |       |    55 |   171 |   263 |       ||   489
       Headbutt          |       |       |    84 |   238 |    31 ||   353
 Cast: Olgreb's Toxic Ra |       |       |       |       |     1 ||     1
Invok: Recall Ancestor   |       |       |     1 |     1 |       ||     2
       Ancestor Life: He |       |       |     1 |       |       ||     1
 Abil: Evoke Invisibilit |       |       |     1 |       |       ||     1
  Use: Scroll            |       |    17 |    10 |    11 |     2 ||    40
       Potion            |       |     2 |     2 |     2 |     2 ||     8
 Stab: Invisible         |       |       |     3 |       |       ||     3
       Sleeping          |       |       |     1 |     3 |       ||     4
       Distracted        |       |       |     1 |     8 |     1 ||    10
       Confused          |       |       |       |     9 |     1 ||    10
  Eat: Chunk             |     1 |     6 |    11 |    27 |     9 ||    54
       Beef jerky        |       |       |     1 |       |       ||     1
       Royal jelly       |       |       |     1 |     1 |       ||     2
       Pizza             |       |       |     1 |       |       ||     1
Armor: Leather armour    |    11 |    35 |       |       |       ||    46
       Ring mail         |       |    13 |    77 |   104 |    14 ||   208
Dodge: Dodged            |    71 |   251 |   335 |   533 |    62 ||  1252
Block: Buckler           |       |       |    30 |   245 |    35 ||   310
       Reflection        |       |       |       |     8 |     1 ||     9
